 Dungeon Crawl Stone Soup version 0.28-a0-863-g8cecda6153 (webtiles) character file.

Game seed: 18385062356627835868

179 ryw the Skirmisher (level 5, -6/69 HPs)
             Began as a Demonspawn Monk on Nov 18, 2021.
             Mangled by a wyvern (13 damage)
             ... on level 4 of the Dungeon.
             The game lasted 00:04:40 (3812 turns).

ryw the Skirmisher (Demonspawn Monk)                Turns: 3812, Time: 00:04:40

Health: -6/69      AC: 22    Str: 17 (18) XL:     5   Next: 32%
Magic:  5/5        EV:  2    Int: 16 (18) God:
Gold:   135        SH:  0    Dex: 14 (15) Spells: 4/4 levels left

rFire   . . .      SeeInvis .   j - +3 short sword
rCold   . . .      Faith    .   (no shield)
rNeg    . . .      Spirit   .   (armour currently unavailable)
rPois   +          Reflect  .   (helmet currently unavailable)
rElec   .          Harm     .   (cloak currently unavailable)
rCorr   .          Rampage  .   (gloves currently unavailable)
Will    .....      NoTele   +   (boots currently unavailable)
Stlth   ++........              u - amulet of regeneration
HPRegen 1.21/turn               e - +6 ring of strength
MPRegen 0.09/turn               f - +6 ring of intelligence

@: agile, tree-form, hasted, invisible, very quick
A: stationary, stasis, torment immunity, boosted hp, repulsion field 1, powered
by death 2, powered by pain 1
a: no special abilities


You were on level 4 of the Dungeon.
You were a tree.
You visited 1 branch of the dungeon, and saw 4 of its levels.

You collected 135 gold pieces.

Inventory:

Hand Weapons
 j - a +3 short sword (weapon)
Armour
 a - a +0 robe (melded)
 c - a +0 pair of gloves (melded)
Jewellery
 e - a +6 ring of strength (left branch)
 f - a +6 ring of intelligence (right branch)
 p - a ring of wizardry
 s - a ring of willpower
 u - an amulet of regeneration (around neck)
Scrolls
 d - a scroll of enchant weapon {unknown}
 g - a scroll of fear {unknown}
 h - a scroll of magic mapping {unknown}
 i - a scroll of vulnerability {unknown}
 k - a scroll of holy word {unknown}
 l - 2 scrolls of enchant armour {unknown}
 t - a scroll of noise {unknown}
Potions
 o - a potion of mutation {unknown}


   Skills:
 + Level 6.1 Fighting
 - Level 2.6 Dodging
 - Level 1.7 Stealth
 - Level 2.6 Unarmed Combat


You had 4 spell levels left.
You didn't know any spells.
Your spell library contained the following spells:

 Spells                   Type           Power      Damage    Failure   Level
 Blink                    Tloc           0%         N/A       36%         2
 Lesser Beckoning         Tloc           0%         N/A       58%         3
 Manifold Assault         Tloc           0%         N/A       100%        5
 Malign Gateway           Summ/Tloc      0%         N/A       100%        7
 Summon Horrible Things   Summ           0%         N/A       100%        8


Dungeon Overview and Level Annotations

Branches:
Dungeon (4/15)
 Temple: D:4-7

Altars:


Innate Abilities, Weirdness & Mutations

You are a tree.
Your roots penetrate the ground, keeping you stationary.
You cannot be teleported.
You are immune to unholy pain and torment.
Your maximum health is greatly increased.
Your equipment is partially melded.
You are surrounded by a mild repulsion field. (EV +2)
You regenerate health from kills.
You sometimes gain a little power by taking damage.


Message History

You hit the wyvern.
The wyvern is severely wounded.
The wyvern completely misses you.
You closely miss the wyvern.
The wyvern is severely wounded.
The wyvern bites you.
* * * LOW HITPOINT WARNING * * *
You feel better. The wyvern completely misses you.
You hit the wyvern but do no damage.
The wyvern is severely wounded.
The wyvern closely misses you. The wyvern completely misses you.
You closely miss the wyvern.
The wyvern is severely wounded.
The wyvern completely misses you.
You completely miss the wyvern.
The wyvern is severely wounded.
The wyvern misses you.
You hit the wyvern but do no damage.
The wyvern is severely wounded.
The wyvern bites you!
* * * LOW HITPOINT WARNING * * *
You hit the wyvern.
The wyvern is severely wounded.
The wyvern bites you.
* * * LOW HITPOINT WARNING * * *
It was a potion of invisibility.
You fade into invisibility!
The wyvern misses you.
You closely miss the wyvern.
The wyvern is severely wounded.
The wyvern completely misses you.
It was a potion of degeneration.
There was something very wrong with that liquid.
You feel weakened.
You feel dopey.
You feel clumsy. The wyvern misses you.
It was a potion of lignification.
You turn into a tree.
Your +0 pair of gloves melds into your body.
Your +0 robe melds into your body.
Your roots penetrate the ground.
The wyvern bites you!
You die...

...... ...... ......
#####...... #........
#......####
+..l....... ..
#..♣...# ...
#......#####..#
#.............##
###............#
#............#
#............#
##........)...####
.............>......
####........####.####


You could see a wyvern.

Vanquished Creatures
  An iguana (D:3)
  A hound skeleton (D:4)
  A gnoll (D:1)
  3 adders
  A howler monkey skeleton (D:3)
  An adder skeleton (D:4)
  A worm (D:2)
  3 dart slugs
  5 endoplasms
  5 giant cockroaches
  15 goblins
  6 hobgoblins
  5 jackals (D:1)
  7 kobolds
  3 quokkas
  9 ball pythons
  5 bats
  3 frilled lizards
  8 rats
83 creatures vanquished.

Notes
Turn   | Place    | Note
-------+----------+-------------------------------------------
     0 | D:1      | ryw the Demonspawn Monk began the quest for the Orb.
     0 | D:1      | Reached XP level 1. HP: 18/18 MP: 1/1
   350 | D:1      | Gained mutation: You are surrounded by a mild repulsion
                  | field. (EV +2) [demonic ancestry]
   350 | D:1      | Reached XP level 2. HP: 24/24 MP: 2/2
   617 | D:1      | Reached skill level 4 in Fighting
   903 | D:1      | Gained mutation: You sometimes gain a little power by
                  | taking damage. [demonic ancestry]
   903 | D:1      | Reached XP level 3. HP: 8/31 MP: 3/3
  1825 | D:2      | Found a faded altar of an unknown god.
  2040 | D:2      | Gained mutation: You regenerate a little health from kills.
                  | [demonic ancestry]
  2040 | D:2      | Reached XP level 4. HP: 20/38 MP: 4/4
  2480 | D:2      | Reached skill level 5 in Fighting
  3523 | D:3      | Gained mutation: You regenerate health from kills. [demonic
                  | ancestry]
  3523 | D:3      | Reached XP level 5. HP: 37/46 MP: 5/5
  3660 | D:4      | Reached skill level 6 in Fighting
  3790 | D:4      | Noticed a wyvern
  3808 | D:4      | HP: 1/46 [wyvern (3)]
  3812 | D:4      | Mangled by a wyvern

Illustrated notes

Levels and vault maps discovered:
D:1:      dpeg_arrival_castle, layout_loops_cross, nicolae_figureground_pulse
D:2:      layout_loops_ring, hellmonk_ecumenical_altar_run_dry, feat_on_display
D:3:      layout_loops_ring, patterned_corridor
D:4:      layout_basic, minmay_temple_entry_steel_oval

Skill      XL: |  1  2  3  4  5 |
---------------+----------------+-----
Fighting       | 4 5 6 |  6.1
Dodging        | |  2.6
Stealth        | |  1.7
Unarmed Combat | |  2.6

Action                   |  1- 3 |  4- 6 || total
-------------------------+-------+-------++-------
Melee: Long sword        |    96 |       ||    96
       Unarmed           |     1 |       ||     1
       Short sword       |    34 |   127 ||   161
       Punch             |       |     4 ||     4
  Use: Potion            |       |     6 ||     6
 Stab: Sleeping          |    11 |     3 ||    14
Armor: Robe              |    26 |    19 ||    45
Dodge: Dodged            |   112 |    79 ||   191

Table legend: (Time is in decaauts)
 A = Elapsed time spent in this place.
 B = Non-inter-level travel time spent in this place.
 C = Inter-level travel time spent in this place.
 D = Time resting spent in this place.
 E = Time spent auto-exploring this place.
 F = Levels seen in this place.
 G = Mean time per level.
                   A        B        C        D        E       F      G
               +--------+--------+--------+--------+--------+-----+--------+
         Total |   3860 |   3792 |     68 |    596 |   2476 |   4 |  965.0 |
       Dungeon |   3860 |   3792 |     68 |    596 |   2476 |   4 |  965.0 |
               +--------+--------+--------+--------+--------+-----+--------+

Top non-repeatable levels by time:
     D:1: 1572 daAuts
     D:2: 1321 daAuts
     D:3: 807 daAuts
     D:4: 159 daAuts
